 Dungeon Crawl Stone Soup version 0.27-a0-506-g2188dfaaa0 (webtiles) character file.

Game seed: 15467869357476687734

3643 Sixth the Jinx (level 9, -2/43 HPs)
             Began as a Felid Enchanter on Mar 3, 2021.
             Slain by a vampire mosquito (9 damage)
             ... on level 12 of the Dungeon.
             The game lasted 01:50:05 (23501 turns).

Sixth the Jinx (Felid Enchanter)                   Turns: 23501, Time: 01:50:05

Health: -2/43      AC:  2    Str: 10    XL:     9   Next: 88%
Magic:  20/20      EV: 40    Int: 21    God:
Gold:   594        SH:  0    Dex: 16    Spells: 11/22 levels left
                                        Lives:  0   Deaths: 2

rFire    . . .     SeeInvis +     - Unarmed
rCold    . . .     Faith    .   (shield unavailable)
rNeg     . . .     Spirit   .   (armour unavailable)
rPois    .         Reflect  .   (helmet unavailable)
rElec    .         Harm     .   (cloak unavailable)
rCorr    .         Rampage  .   (gloves unavailable)
Will     +....                  (boots unavailable)
Stlth    +++++.....             x - amulet of the acrobat
HPRegen  0.14/turn              s - +6 ring of strength
MPRegen  0.17/turn              (no ring)

@: acrobatic, quick
A: very small, claws 1, fangs 3, see invisible, speed 1, shaggy fur 2, stealthy
paws, no weapons or thrown items, no armour, multi-lived
a: no special abilities


You were on level 12 of the Dungeon.
You visited 2 branches of the dungeon, and saw 13 of its levels.
You also visited: Bailey.

You collected 688 gold pieces.
You spent 94 gold pieces at shops.

Inventory:

Jewellery
 b - a ring of ice
 s - a +6 ring of strength (left paw)
 x - an amulet of the acrobat (around neck)
Wands
 C - a wand of mindburst (3)
 D - a wand of flame (28)
 E - a wand of charming (7)
 F - a wand of acid (18)
Scrolls
 d - 10 scrolls of teleportation {unknown}
 g - 15 scrolls of identify {unknown}
 h - 3 scrolls of magic mapping {unknown}
 i - 3 scrolls of noise {unknown}
 j - 4 scrolls of enchant armour {unknown}
 k - 4 scrolls of amnesia {unknown}
 l - 3 scrolls of immolation {unknown}
 p - 2 scrolls of enchant weapon {unknown}
 q - 2 scrolls of blinking {unknown}
 r - 3 scrolls of fear {unknown}
 u - a scroll of fog {unknown}
 w - a scroll of random uselessness {unknown}
 y - a scroll of acquirement {unknown}
 B - a scroll of vulnerability {unknown}
Potions
 a - 3 potions of degeneration {unknown}
 c - 2 potions of brilliance {unknown}
 e - 5 potions of curing {unknown}
 f - 3 potions of haste
 m - 4 potions of lignification {unknown}
 n - a potion of heal wounds {unknown}
 o - 4 potions of attraction {unknown}
 t - a potion of flight {unknown}
 v - 2 potions of mutation {unknown}
 z - 3 potions of might
 A - a potion of ambrosia {unknown}
Miscellaneous
 G - a lightning rod (4/4)


   Skills:
 + Level 7.3 Fighting
 + Level 10.0 Dodging
 + Level 11.0 Stealth
 + Level 7.3 Unarmed Combat
 + Level 7.0 Spellcasting
 + Level 11.1 Hexes
 + Level 1.5 Earth Magic


You had 11 spell levels left.
You knew the following spells:

 Your Spells              Type           Power        Failure   Level
a - Confusing Touch       Hex            52%          1%          3
b - Ensorcelled Hibernat  Hex/Ice        60%          1%          2
c - Corona                Hex            57%          1%          1
d - Tukima's Dance        Hex            52%          1%          3
e - Passwall              Tmut/Erth      8%           10%         2

Your spell library contained the following spells:

 Spells                   Type           Power        Failure   Level
 Dazzling Flash           Conj/Hex       60%          2%          3
 Sandblast                Erth           28%          4%          1
 Beastly Appendage        Tmut           14%          9%          1
 Wereblood                Tmut           7%           13%         2
 Stone Arrow              Conj/Erth      20%          19%         3
 Spider Form              Tmut/Pois      3%           26%         3
 Petrify                  Tmut/Erth      10%          54%         4
 Ice Form                 Ice/Tmut       7%           65%         4
 Lee's Rapid Deconstruct  Erth           7%           77%         5
 Blade Hands              Tmut           3%           94%         5


Dungeon Overview and Level Annotations

Branches:
Dungeon (12/15)            Temple (1/1) D:6            Lair (0/6) D:11
    Orc (0/2) D:12         Bailey (visited)

Altars:
Ashenzari
Cheibriados
Elyvilon
Fedhas
Gozag
Hepliaklqana
Kikubaaqudgha
Makhleb
Nemelex Xobeh
Okawaru
Qazlal
Ru
Sif Muna
Trog
Uskayaw
Vehumet
Wu Jian
Xom
Yredelemnul
Zin
The Shining One

Shops:
D:4 !(=   D:5 (   D:6 *   D:7 *((*   D:10 :

Annotations:
D:4 Menkaure
D:6 1 exclusion
D:8 2 transporters, GordonOverkill's ghost, novice OgDe
D:10 3 runed translucent doors, highc0's ghost, journeyman HaWr


Innate Abilities, Weirdness & Mutations

You have sharp claws.
You have razor-sharp teeth.
You have supernaturally acute eyesight. (SInv)
You cover ground quickly.
You are covered in thick fur. (AC +2)
Your stealthy paws help you sneak and pounce on unaware monsters.
You are incapable of wielding weapons or throwing items.
You cannot wear armour.
You gain extra lives every three experience levels.


Message History

The vampire mosquito closely misses you.
The vampire mosquito misses you. The vampire mosquito bites you.
The vampire mosquito draws strength from your injuries!
The vampire mosquito misses you.
You barely miss the vampire mosquito.
The vampire mosquito is heavily damaged.
The vampire mosquito bites you.
The vampire mosquito draws strength from your injuries!
The vampire mosquito misses you. The vampire mosquito bites you!
* * * LOW HITPOINT WARNING * * *
The vampire mosquito draws strength from your injuries!
The vampire mosquito closely misses you. x2
The vampire mosquito barely misses you.
You are too injured to fight recklessly!
You are too injured to fight recklessly!
You are too injured to fight recklessly!
You are too injured to fight recklessly!
You are too injured to fight recklessly!
You are too injured to fight recklessly!
You are too injured to fight recklessly!
You are too injured to fight recklessly!
You are too injured to fight recklessly!
You are too injured to fight recklessly!
You are too injured to fight recklessly!
You are too injured to fight recklessly!
You are too injured to fight recklessly!
You are too injured to fight recklessly!
You are too injured to fight recklessly!
You are too injured to fight recklessly!
You are too injured to fight recklessly!
You are too injured to fight recklessly!
You are too injured to fight recklessly!
You are too injured to fight recklessly!
You are too injured to fight recklessly!
You are too injured to fight recklessly!
Unknown command.
The vampire mosquito closely misses you.
The vampire mosquito bites you.
* * * LOW HITPOINT WARNING * * *
The vampire mosquito draws strength from your injuries!
The vampire mosquito completely misses you.
The vampire mosquito misses you.
The vampire mosquito completely misses you.
The vampire mosquito completely misses you.
The vampire mosquito misses you. x2
The vampire mosquito completely misses you.
A vampire comes into view.
The vampire mosquito completely misses you. x2
The vampire mosquito barely misses you. The vampire mosquito bites you!
You die...

...#......##........#
...................##.
######..........$.....
.....#......##.V....#
..♣..#..###..#O...# .
.♣⌠♣.'..# #.)...###..S.
.†♣..#.####.....+....#
.....#..#†#[.#.y###..Zu
######...yy..##.@.### .
####......yy...###
#........#....###
#...............###
#...<##...........#
###........#.......#
##..##.###.........#
#...### #...........#
....# #............


You could see a two-headed ogre, a vampire (wandering) and 3 vampire mosquitoes.

Vanquished Creatures
  A two-headed ogre (D:11)
  An unseen horror (D:8)
  Maurice (D:9)
  A troll (D:11)
  Grinder (D:4)
  A shadow (D:8)
  A wyvern (D:11)
  10 yaks
  A basilisk (D:11)
  A vampire mosquito (D:12)
  A sky beast (D:9)
  2 orc warriors (D:8)
  2 ice beasts
  An eye of draining (D:8)
  2 necrophages
  4 black bears
  A centaur (D:9)
  A phantom (D:7)
  Blork the orc (D:6)
  A kobold brigand (D:11)
  9 bullfrogs
  A water moccasin zombie (D:7)
  A scorpion (D:8)
  10 wights
  2 howler monkeys
  A bullfrog zombie (D:6)
  2 centaur zombies (D:9)
  A quasit (D:10)
  8 hounds
  4 jellies
  5 orc priests
  3 bullfrog skeletons
  2 centaur skeletons
  Ijyb (D:4)
  Terence (D:2)
  3 iguanas
  Natasha (thrice) (D:2)
  6 orc wizards
  9 worker ants
  A killer bee zombie (D:7)
  Robin (D:4)
  A worker ant zombie (D:6)
  9 adders
  A howler monkey skeleton (D:5)
  3 shadow imps
  2 white imps
  An ufetubus (D:6)
  2 adder zombies
  An adder skeleton (D:10)
  7 worms
  2 dart slugs
  4 leopard geckos
  29 orcs
  8 bats
  6 giant cockroaches
  14 goblins
  13 hobgoblins
  8 jackals
  15 kobolds
  6 quokkas
  4 ball pythons
  5 frilled lizards
  A leopard gecko skeleton (D:8)
  11 rats
262 creatures vanquished.

Vanquished Creatures (collateral kills)
  6 two-headed ogres
  Urug (D:11)
  2 orc warriors (D:10)
  2 ogres
  8 wights
  8 orcs
  A goblin (D:8)
  2 hobgoblins (D:8)
30 creatures vanquished.

Vanquished Creatures (others)
  4 dancing weapons
  3 fungi
  3 plants
10 creatures vanquished.

Grand Total: 302 creatures vanquished

Notes
Turn   | Place    | Note
-------+----------+-------------------------------------------
     0 | D:1      | Sixth the Felid Enchanter began the quest for the Orb.
     0 | D:1      | Reached XP level 1. HP: 7/7 MP: 4/4
   382 | D:1      | Reached XP level 2. HP: 9/12 MP: 6/6
   472 | D:1      | Learned a level 2 spell: Ensorcelled Hibernation
  1175 | D:1      | Reached XP level 3. HP: 15/15 MP: 5/7
  1779 | D:2      | Noticed Terence
  1790 | D:2      | Killed Terence
  1791 | D:2      | Reached skill level 1 in Fighting
  1791 | D:2      | Reached skill level 5 in Hexes
  1932 | D:2      | Reached XP level 4. HP: 16/19 MP: 0/8
  1936 | D:2      | Learned a level 3 spell: Confusing Touch
  2215 | D:2      | Found a shimmering altar of Xom.
  2228 | D:2      | Noticed Natasha
  2764 | D:2      | You fall into a shaft and drop 2 floors!
  2764 | D:4      | Found Zaof's Antique Weapon Shoppe.
  3039 | D:4      | Noticed Menkaure
  3078 | D:4      | Found a white marble altar of Elyvilon.
  3591 | D:3      | Found a radiant altar of Vehumet.
  3806 | D:2      | Reached XP level 5. HP: 19/22 MP: 7/9
  3937 | D:2      | Found a bloodstained altar of Trog.
  4085 | D:3      | Learned a level 3 spell: Tukima's Dance
  4112 | D:3      | Reached skill level 5 in Stealth
  4474 | D:2      | Killed Natasha
  4513 | D:2      | Noticed Natasha
  4801 | D:3      | Found a burning altar of Makhleb.
  5082 | D:4      | Found Fettuy Caqirch's Jewellery Boutique.
  5095 | D:4      | Noticed Robin
  5225 | D:4      | Noticed Ijyb
  5370 | D:4      | Gained mutation: You are covered in thick fur. (AC +2)
                  | [Felid growth]
  5370 | D:4      | Reached XP level 6. HP: 26/26 MP: 8/11
  5814 | D:4      | Noticed Grinder
  5889 | D:5      | Entered Level 5 of the Dungeon
  6165 | D:5      | Found Mirey's Antique Weapon Shoppe.
  7671 | D:6      | Reached XP level 7. HP: 23/30 MP: 8/12
  7802 | D:6      | Noticed Blork the orc
  8186 | D:6      | Reached skill level 5 in Dodging
  8339 | D:6      | Noticed a manticore
  8613 | D:6      | Killed Blork the orc
  8714 | D:6      | Found a staircase to the Ecumenical Temple.
  8722 | Temple   | Entered the Ecumenical Temple
  9297 | D:6      | Found Recah's General Store.
  9319 | D:6      | Found a sparkling altar of Nemelex Xobeh.
  9774 | D:7      | Found a glowing golden altar of the Shining One.
  9814 | D:7      | Found Gyriorid's Weapon Emporium.
  9925 | D:7      | Reached XP level 8. HP: 26/35 MP: 11/14
 10121 | D:7      | Found Kaolan's Antique Weapon Shop.
 10701 | D:7      | Found Zinuap's General Store.
 10727 | D:7      | Found a basalt altar of Yredelemnul.
 10996 | D:7      | Found Essun's Assorted Antiques.
 11002 | D:7      | Bought a scroll labelled QIHOCWACVI for 25 gold pieces
 11002 | D:7      | Bought a yellow potion for 22 gold pieces
 11002 | D:7      | Bought a ruby potion for 22 gold pieces
 11002 | D:7      | Bought a scroll labelled MEFYBOC XOWNAHI for 25 gold pieces
 11634 | D:8      | Found a flagged portal.
 11750 | Bailey   | Entered a bailey
 12159 | D:8      | Found an opulent altar of Gozag.
 12193 | D:8      | Reached XP level 9. HP: 39/39 MP: 13/17
 12215 | D:8      | Noticed GordonOverkill's ghost (novice OgDe)
 12230 | D:8      | Found a transporter.
 12328 | D:8      | Found a transporter.
 12369 | D:8      | Noticed a two-headed ogre
 12763 | D:8      | Found a glowing golden altar of the Shining One.
 13052 | D:8      | Killed a two-headed ogre
 13053 | D:8      | Reached skill level 5 in Fighting
 13053 | D:8      | Reached skill level 5 in Unarmed Combat
 13053 | D:8      | Reached skill level 5 in Spellcasting
 13173 | D:8      | Noticed an unseen horror
 13173 | D:8      | Noticed a two-headed ogre
 13560 | D:9      | Found an iron altar of Okawaru.
 14398 | D:9      | Noticed Maurice
 14780 | D:10     | Entered Level 10 of the Dungeon
 14806 | D:10     | Found a runed translucent gate.
 14806 | D:10     | Found a runed translucent gate.
 14806 | D:10     | Found a runed translucent gate.
 14807 | D:10     | Noticed a kobold demonologist
 14808 | D:10     | Noticed a kobold demonologist
 14808 | D:10     | Noticed highc0's ghost (journeyman HaWr)
 14809 | D:10     | Noticed a kobold demonologist
 14810 | D:10     | Identified the +5 dagger "Qiruasok" {elec, rC+}
 14852 | D:10     | Found Buiczaiw's Book Boutique.
 14867 | D:10     | Found a shimmering altar of Xom.
 14969 | D:10     | Found a shimmering altar of Xom.
 14969 | D:10     | Found a shimmering altar of Xom.
 14969 | D:10     | Found a shimmering altar of Xom.
 14969 | D:10     | Noticed a two-headed ogre
 14970 | D:10     | Found a shimmering altar of Xom.
 14970 | D:10     | Found a shimmering altar of Xom.
 14970 | D:10     | Found a shimmering altar of Xom.
 14984 | D:10     | Killed a two-headed ogre
 15015 | D:10     | Found a shimmering altar of Xom.
 15035 | D:10     | Noticed a two-headed ogre
 15043 | D:10     | Killed a two-headed ogre
 15044 | D:10     | Reached XP level 10. HP: 45/45 MP: 13/19
 15512 | D:10     | Noticed a two-headed ogre
 15532 | D:10     | Killed a two-headed ogre
 16281 | D:11     | Noticed a two-headed ogre
 16722 | D:11     | Found a staircase to the Lair.
 16773 | D:11     | Noticed an elephant
 17004 | D:11     | Noticed Urug
 17215 | D:8      | Reached skill level 10 in Hexes
 17345 | D:8      | Killed a two-headed ogre
 17598 | D:8      | Killed an unseen horror
 17599 | D:8      | Reached skill level 10 in Stealth
 17662 | D:8      | Found a broken altar of Ashenzari.
 18019 | D:2      | Killed Natasha
 18125 | D:2      | Noticed Natasha
 18129 | D:2      | Killed Natasha
 18506 | D:4      | Killed Robin
 18622 | D:4      | Found Jeide's Distillery.
 18780 | D:4      | Killed Grinder
 18885 | D:4      | Killed Ijyb
 19781 | D:10     | Slain by a yak
 19782 | D:10     | Reached XP level 9. HP: -1/42 MP: 17/19
 20125 | D:9      | Identified the +2 leather armour of Protective Custody
                  | {Str+5}
 20147 | D:9      | Killed Maurice
 20148 | D:9      | Reached XP level 10. HP: 29/46 MP: 18/20
 20856 | D:11     | Noticed a two-headed ogre
 20890 | D:11     | Killed a two-headed ogre
 21089 | D:11     | Learned a level 2 spell: Passwall
 21164 | D:11     | Noticed a four-headed hydra
 21231 | D:11     | Noticed an eight-headed hydra
 22481 | D:12     | Reached skill level 1 in Earth Magic
 22510 | D:12     | Found a staircase to the Orcish Mines.
 22743 | D:12     | Noticed a two-headed ogre
 22933 | D:12     | Noticed an unseen horror
 23004 | D:11     | Killed a two-headed ogre
 23005 | D:11     | Reached skill level 10 in Dodging
 23120 | D:11     | Killed Urug
 23433 | D:12     | Noticed a purple ugly thing
 23484 | D:12     | HP: 1/47 [vampire mosquito (5)]
 23484 | D:12     | Slain by a vampire mosquito
 23485 | D:12     | Reached XP level 9. HP: -4/43 MP: 3/20
 23501 | D:12     | Slain by a vampire mosquito

Illustrated notes

Levels and vault maps discovered:
D:1:      evilmike_arrival_rings, layout_basic
D:2:      layout_basic, nicolae_overflow_crystal_walls, trog_book, uniq_natasha,
          uniq_terence
D:3:      layout_rooms, vehumet_crystals, lemuel_doored_altar,
          grunt_ministairs_8
D:4:      minmay_door_path, layout_cave_pods, old_standard_altar, serial_shops,
          kennysheep_little_box, shop, shop, uniq_grinder, uniq_robin,
          uniq_menkaure, uniq_ijyb
D:5:      layout_basic, serial_shops, shop_statue,
          chequers_serial_rivers_large_a
D:6:      minmay_cornered_nines, layout_cave_pods,
          nemelex_xobeh_ov_fountains_minmay, grunt_dithmenos_shadows,
          minmay_temple_entry_slanted, serial_shops,
          nicolae_shop_competitors_out_of_business, uniq_blork_the_orc
D:7:      layout_rooms, kennysheep_mini, serial_shops, shop, shop,
          nicolae_shop_temple_entry_statues_fountains, nicolae_shop_stone,
          hangedman_abyss_or_decor_slice, nicolae_tso_swordbearing_angel
D:8:      kennysheep_blocky_room, layout_basic, kennysheep_mini_moat,
          lemuel_round_altar, cheibrodos_ashenzari_chains,
          gammafunk_ghost_mausoleum, enter_bailey_4
D:9:      layout_cave_pods, old_standard_altar, serial_glass, glass_columns_a,
          glass_columns_a, glass_columns_b, glass_columns_b, glass_columns_a,
          glass_columns_a, glass_columns_b, glass_columns_c, glass_columns_a,
          glass_columns_c, glass_columns_b, glass_columns_a, glass_columns_c,
          glass_columns_a, uniq_maurice
D:10:     layout_roguey, serial_shops, nicolae_shop_waterfront,
          gammafunk_ghost_nasty_kobolds, xom_redecorated
D:11:     layout_grid_maze, david_lair_generic, lightli_corner_chamber,
          uniq_urug
D:12:     minmay_the_grid_triangle_9x9_recursive_2
          [minmay_the_grid_triangle_9x9_prize_top_heavy,
          minmay_the_grid_triangle_9x9_sprig,
          minmay_the_grid_triangle_9x9_warning,
          minmay_the_grid_triangle_9x9_dagger], layout_cave_pools, orc_0_dummy,
          kennysheep_generic_room_13, uniq_nergalle
Temple:   zaba_magenta_temple

Skill      XL: |  1  2  3  4  5  6  7  8  9 10 |
---------------+-------------------------------+-----
Dodging        | 3 4 5 6 8 10 | 10.0
Fighting       | 1 2 3 4 5 7 |  7.3
Hexes          | 5 6 7 8 9 11 | 11.1
Unarmed Combat | 2 3 4 5 7 |  7.3
Stealth        | 5 6 7 9 11 | 11.0
Spellcasting   | 3 4 5 7 |  7.0
Earth Magic    | 1 |  1.5

Action                   |  1- 3 |  4- 6 |  7- 9 | 10-12 || total
-------------------------+-------+-------+-------+-------++-------
Melee: Unarmed           |    98 |   260 |   359 |   287 ||  1004
       Bite              |     7 |    19 |    43 |    37 ||   106
       Punch             |       |     4 |     5 |     8 ||    17
 Cast: Corona            |    16 |    11 |     3 |     1 ||    31
       Ensorcelled Hiber |    19 |    38 |    34 |    35 ||   126
       Confusing Touch   |       |    30 |    51 |    65 ||   146
       Tukima's Dance    |       |     4 |    24 |    27 ||    55
Evoke: Wand              |       |       |       |     8 ||     8
  Use: Potion            |       |       |       |     1 ||     1
 Stab: Sleeping          |    16 |    33 |    30 |    14 ||    93
       Confused          |       |    21 |    41 |    28 ||    90
Armor: Skin              |     2 |     8 |     2 |     9 ||    21
Dodge: Dodged            |    79 |   135 |   249 |   267 ||   730

Table legend: (Time is in decaauts)
 A = Elapsed time spent in this place.
 B = Non-inter-level travel time spent in this place.
 C = Inter-level travel time spent in this place.
 D = Time resting spent in this place.
 E = Time spent auto-exploring this place.
 F = Levels seen in this place.
 G = Mean time per level.
                   A        B        C        D        E       F      G
               +--------+--------+--------+--------+--------+-----+--------+
         Total |  20746 |  19782 |    964 |   4132 |   7275 |  14 | 1481.9 |
       Dungeon |  20659 |  19695 |    964 |   4132 |   7232 |  12 | 1721.6 |
        Temple |     75 |     75 |      0 |      0 |     43 |   1 |   75.0 |
        Bailey |     12 |     12 |      0 |      0 |      0 |   1 |   12.0 |
               +--------+--------+--------+--------+--------+-----+--------+

Top non-repeatable levels by time:
    D:11: 2867 daAuts
     D:8: 2331 daAuts
    D:10: 2291 daAuts
     D:4: 2072 daAuts
     D:6: 1864 daAuts
     D:1: 1648 daAuts
     D:7: 1639 daAuts
     D:9: 1477 daAuts
     D:2: 1454 daAuts
     D:5: 1444 daAuts
     D:3: 1233 daAuts
    D:12: 334 daAuts
  Temple: 75 daAuts
  Bailey: 12 daAuts
